 Dungeon Crawl Stone Soup version 0.22-a0-480-g991dd4b (webtiles) character file.

3899 Laiders72 the Basher (level 10, -4/93 HPs)
             Began as a Minotaur Berserker on June 16, 2018.
             Was an Elder of Trog.
             Slain by a small abomination (14 damage)
             ... on level 2 of the Abyss.
             The game lasted 00:14:26 (6902 turns).

Laiders72 the Basher (Minotaur Berserker)           Turns: 6902, Time: 00:14:28

Health: -4/93      AC: 16    Str: 23    XL:     10   Next: 0%
Magic:  9/9        EV:  9    Int:  4    God:    Trog [****..]
Gold:   326        SH:  5    Dex: 12    Spells: 9/9 levels left

rFire    . . .     SeeInvis .   u - +0 morningstar
rCold    . . .     Gourm    .   m - +0 buckler
rNeg     . . .     Faith    .   s - +0 plate armour
rPois    .         Spirit   .   (helmet restricted)
rElec    .         Reflect  .   o - +2 cloak
rCorr    .         Harm     .   (no gloves)
MR       .....                  (no boots)
Stlth    ..........             (no amulet)
HPRegen  0.25/turn              (no ring)
MPRegen  0.11/turn              (no ring)

@: no status effects
A: retaliatory headbutt, horns 2
a: Berserk, Trog's Hand, Brothers in Arms, Renounce Religion


You were on level 2 of the Abyss.
You worshipped Trog.
Trog was greatly pleased with you.
You were hungry.

You visited 1 branch of the dungeon, and saw 8 of its levels.
You visited the Abyss 1 time.

You collected 326 gold pieces.

Inventory:

Hand Weapons
 u - a +0 morningstar (weapon)
Missiles
 q - 2 tomahawks (quivered)
Armour
 m - a +0 buckler (worn)
 o - a +2 cloak (worn)
 s - a +0 plate armour (worn)
Jewellery
 v - an uncursed ring of protection from fire {unknown}
Wands
 b - a wand of paralysis (13)
 j - a wand of acid (12)
 w - a wand of clouds (6)
 A - a wand of enslavement (10)
Scrolls
 a - 3 scrolls of noise
 e - 3 scrolls of identify
 h - 5 scrolls of remove curse
 i - a scroll of random uselessness {unknown}
 l - 2 scrolls of teleportation
 n - 3 scrolls of enchant armour
 r - 3 scrolls of blinking
 t - a scroll of fog {unknown}
 y - 2 scrolls of magic mapping {unknown}
Potions
 d - a potion of mutation {unknown}
 f - 3 potions of agility
 g - 2 potions of lignification
 k - a potion of haste {unknown}
 p - 2 potions of heal wounds {unknown}
 x - a potion of degeneration {unknown}
 z - a potion of invisibility {unknown}
 B - a potion of curing {unknown}
 C - 2 potions of magic {unknown}
Comestibles
 c - 17 rations


   Skills:
 * Level 10.3 Fighting
 * Level 10.3 Maces & Flails
 + Level 7.1 Armour
 + Level 6.4 Dodging
 - Level 4.0 Shields


You had 9 spell levels left.
You didn't know any spells.
Your spell library was empty.

Dungeon Overview and Level Annotations

Branches:
Dungeon (8/15)             Temple (0/1) D:6            Lair (0/6) D:8

Altars:
Ashenzari
Cheibriados
Hepliaklqana
Makhleb
Nemelex Xobeh
Okawaru
Ru
Vehumet
Wu Jian
Xom
Yredelemnul
The Shining One

Annotations:
D:8 Psyche


Innate Abilities, Weirdness & Mutations

You reflexively headbutt those who attack you in melee.
You have a pair of horns on your head.


Message History

Found a war axe.
You feel yourself speed up.
You are feeling hungry.
There is a gateway leading deeper into the Abyss here.
A smoke demon comes into view.
The smoke demon roars!
You recover from your berserk rage.
Found 15 gold pieces.
The smoke demon gestures at you. The ball of steam hits you!
* * * LOW HITPOINT WARNING * * *
A starcursed mass comes into view.
A small abomination comes into view.
A small abomination comes into view.
A starcursed mass splits.
A starcursed mass splits.
The small abomination hits you!
* * * LOW HITPOINT WARNING * * *
The small abomination hits you but does no damage.
A starcursed mass splits.
The small abomination hits you!
You die...

#. #. #.. ##
#.XX#$#
.XX#..##
.....#
#.#.##
##x.§##
#@x#§§# # #
#..##§#....♣
...##
#.##....
#####.## ##
#. .....# ##
#..#3.#. . .
.# ##.>.## .
#.#
##....... #
#. # #.
..###..# # #


You could see 2 small abominations.

Vanquished Creatures
  Pikel (D:6)
  Grinder (D:6)
  Prince Ribbit (D:6)
  An ettin zombie (Abyss:2)
  Menkaure (D:7)
  An orc warrior (D:6)
  2 ice beasts
  2 phantoms
  A necrophage (D:8)
  7 ogres
  A centaur (D:7)
  4 bullfrogs
  A big kobold (D:8)
  A water moccasin zombie (D:6)
  2 centaur zombies
  A crimson imp (D:7)
  A quasit (D:7)
  A bullfrog zombie (D:8)
  A gnoll shaman (D:7)
  7 hounds
  4 orc wizards
  3 orc priests
  Crazy Yiuf (D:2)
  A bullfrog skeleton (D:7)
  A centaur skeleton (D:7)
  An iguana (D:7)
  4 worker ants
  2 hound zombies
  A worker ant zombie (D:5)
  5 gnolls (D:7)
  Robin (D:3)
  9 adders
  An ooze (D:7)
  An adder skeleton (D:5)
  An adder zombie (D:6)
  4 worms
  2 dart slugs
  2 leopard geckos
  26 orcs
  5 bats
  6 giant cockroaches
  12 goblins
  8 hobgoblins
  12 jackals
  6 kobolds (D:8)
  2 quokkas
  2 frilled lizards
  2 leopard gecko zombies (D:7)
  3 quokka skeletons
  8 rats
174 creatures vanquished.

Vanquished Creatures (collateral kills)
  A scorpion (D:8)
1 creature vanquished.

Vanquished Creatures (others)
  Edmund (D:6)
  2 slaves (D:6)
  A centaur (D:6)
  A bullfrog zombie (D:6)
  An adder zombie (D:6)
  An orc (D:6)
  A plant (Abyss:2)
8 creatures vanquished.

Grand Total: 183 creatures vanquished

Notes
Turn   | Place    | Note
-------+----------+-------------------------------------------
     0 | D:1      | Laiders72 the Minotaur Berserker began the quest for the Orb.
     0 | D:1      | Reached XP level 1. HP: 19/19 MP: 0/0
   388 | D:1      | Reached XP level 2. HP: 24/27 MP: 1/1
  1189 | D:2      | Reached XP level 3. HP: 32/33 MP: 2/2
  1248 | D:2      | Found a runed door.
  1625 | D:2      | Noticed Crazy Yiuf
  1628 | D:2      | Killed Crazy Yiuf
  1628 | D:2      | Reached XP level 4. HP: 41/41 MP: 3/3
  1701 | D:3      | Found a faded altar of an unknown god.
  1798 | D:3      | Reached ** piety under Trog
  1924 | D:3      | Reached skill level 1 in Shields
  1971 | D:3      | Found a basalt altar of Yredelemnul.
  1999 | D:3      | Found a burning altar of Makhleb.
  2030 | D:3      | Noticed Robin
  2048 | D:3      | Killed Robin
  2048 | D:3      | Reached XP level 5. HP: 33/47 MP: 4/4
  2200 | D:3      | Reached skill level 5 in Maces & Flails
  2558 | D:4      | Noticed a phantom
  2590 | D:4      | Killed a phantom
  2590 | D:4      | Reached skill level 5 in Fighting
  2619 | D:4      | Noticed an ogre
  2629 | D:4      | Reached XP level 6. HP: 37/56 MP: 5/5
  2664 | D:4      | Found a glowing golden altar of the Shining One.
  2730 | D:4      | Found a shattered altar of Ashenzari.
  2933 | D:4      | Reached XP level 7. HP: 46/63 MP: 6/6
  3348 | D:5      | Entered Level 5 of the Dungeon
  3954 | D:5      | Found a sacrificial altar of Ru.
  4173 | D:6      | Noticed Grinder
  4188 | D:6      | Killed Grinder
  4216 | D:6      | Found a sparkling altar of Nemelex Xobeh.
  4228 | D:6      | Reached XP level 8. HP: 22/73 MP: 7/7
  4424 | D:6      | Reached *** piety under Trog
  4470 | D:6      | Noticed Prince Ribbit
  4481 | D:6      | Killed Prince Ribbit
  4481 | D:6      | Reached skill level 5 in Armour
  4549 | D:6      | Found a staircase to the Ecumenical Temple.
  4562 | D:6      | Found a radiant altar of Vehumet.
  4592 | D:6      | Noticed Pikel
  4600 | D:6      | Killed Pikel
  4600 | D:6      | Reached skill level 5 in Dodging
  4676 | D:6      | Reached XP level 9. HP: 57/82 MP: 8/8
  5030 | D:6      | Found a shimmering altar of Xom.
  5147 | D:6      | Killed Edmund
  5343 | D:7      | Found a hazy altar of Hepliaklqana.
  5343 | D:7      | Found a snail-covered altar of Cheibriados.
  6178 | D:7      | Noticed Menkaure
  6182 | D:7      | Killed Menkaure
  6182 | D:7      | Reached **** piety under Trog
  6191 | D:7      | Found an iron altar of Okawaru.
  6409 | D:8      | Reached skill level 10 in Maces & Flails
  6461 | D:8      | Reached skill level 10 in Fighting
  6518 | D:8      | Found an ornate altar of the Wu Jian Council.
  6564 | D:8      | Found a staircase to the Lair.
  6774 | D:8      | Noticed Psyche
  6788 | D:8      | Cast into level 2 of the Abyss (Psyche)
  6847 | Abyss:2  | Reached XP level 10. HP: 15/93 MP: 9/9
  6891 | Abyss:2  | Noticed a smoke demon
  6898 | Abyss:2  | Noticed a starcursed mass
  6902 | Abyss:2  | Slain by a small abomination

Vault maps used:
D:1:      minmay_arrival_arboretum_small
D:2:      uniq_crazy_yiuf_cottage
D:3:      lemuel_coloured_pillars_altar, chequers_ecumenical_altar_island,
          bloody_makhleb, uniq_robin
D:4:      lemuel_crystal_altar, evilmike_ruin_ashenzari, first_ration
D:5:      nicolae_ru_the_path_less_chosen
D:6:      lemuel_crystal_altar, nemelex_xobeh_ov_fountains_minmay,
          nicolae_overflow_crystal_walls, minmay_temple_entry_purple_smoke,
          uniq_pikel, uniq_grinder, uniq_edmund, uniq_prince_ribbit1
D:7:      lemuel_round_altar, gammafunk_temple_overflow_statue, uniq_menkaure
D:8:      kennysheep_little_box, lemuel_crystal_altar, lair_entry_dummy,
          uniq_psyche
Abyss:2:  minivault_25

Skill      XL: |  1  2  3  4  5  6  7  8  9 |
---------------+----------------------------+-----
Maces & Flails | 4 5 6 7 8 10 | 10.3
Fighting       | 4 5 6 7 8 10 | 10.3
Armour         | 3 4 5 7 |  7.1
Shields        | 1 2 3 4 |  4.0
Dodging        | 3 4 5 6 |  6.4

Action                   |  1- 3 |  4- 6 |  7- 9 | 10-12 || total
-------------------------+-------+-------+-------+-------++-------
Melee: Mace              |    44 |   146 |   135 |       ||   325
       Headbutt          |     3 |    22 |    61 |       ||    86
       Morningstar       |       |       |   167 |       ||   167
Invok: Berserk           |     1 |     3 |     5 |       ||     9
       Trog's Hand       |       |     3 |     4 |       ||     7
       Brothers in Arms  |       |       |     1 |       ||     1
  Use: Scroll            |       |     3 |     6 |       ||     9
 Stab: Distracted        |       |       |     1 |       ||     1
  Eat: Chunk             |     1 |     9 |    13 |       ||    23
       Ration            |       |       |     2 |       ||     2
Armor: Animal skin       |    10 |     3 |       |       ||    13
       Scale mail        |       |    34 |       |       ||    34
       Plate armour      |       |    68 |   153 |     1 ||   222
Dodge: Dodged            |    38 |    80 |   115 |       ||   233
Block: Buckler           |       |    24 |    62 |       ||    86

Table legend:
 A = Spawn XP
 B = Non-spawn XP
 C = Spawn XP percentage of total XP
 D = Spawn monster count
 E = Non-spawn monster count
 F = Spawn count percentage of total count
 G = Total turns spent on level
                    A         B        C        D         E        F      G
               +---------+---------+-------+---------+---------+-------+---------
         Total |       0 |    5570 |   0.0 |       0 |     175 |   0.0 |  6902
               +---------+---------+-------+---------+---------+-------+---------
           D:1 |       0 |      22 |   0.0 |       0 |      13 |   0.0 |   869
           D:2 |       0 |      75 |   0.0 |       0 |      12 |   0.0 |   782
           D:3 |       0 |     118 |   0.0 |       0 |      35 |   0.0 |   735
           D:4 |       0 |     532 |   0.0 |       0 |      20 |   0.0 |   962
           D:5 |       0 |     211 |   0.0 |       0 |      16 |   0.0 |   825
           D:6 |       0 |    2110 |   0.0 |       0 |      18 |   0.0 |  1071
           D:7 |       0 |    1315 |   0.0 |       0 |      37 |   0.0 |  1077
           D:8 |       0 |     943 |   0.0 |       0 |      23 |   0.0 |   467
       Abyss:2 |       0 |     244 |   0.0 |       0 |       1 |   0.0 |   114
               +---------+---------+-------+---------+---------+-------+---------
